 Dungeon Crawl Stone Soup version 0.29.0-4-gdea44cf6ec (webtiles) character file.

Game seed: 13988523434952655531

2 qw the Chopper (level 1, 0/12 HPs)
             Began as a Tengu Warper on Aug 28, 2022.
             Slain by a jackal (1 damage)
             ... on level 1 of the Dungeon.
             The game lasted 00:00:00 (31 turns).

qw the Chopper (Tengu Warper)                         Turns: 31, Time: 00:00:00

Health: 0/12       AC:  3    Str: 11    XL:     1   Next: 40%
Magic:  4/4        EV: 11    Int: 13    God:
Gold:   16         SH:  0    Dex: 13    Spells: 4/4 levels left

rFire   . . .      SeeInvis .   a - +0 hand axe
rCold   . . .      Faith    .   (no shield)
rNeg    . . .      Spirit   .   b - +0 leather armour
rPois   .          Reflect  .   (helmet restricted)
rElec   .          Harm     .   (no cloak)
rCorr   .          Rampage  .   (no gloves)
Will    .....                   (boots unavailable)
Stlth   +.........              (no amulet)
HPRegen 0.04/turn               (no ring)
MPRegen 0.09/turn               (no ring)

@: no status effects
A: beak, talons 3
a: no special abilities


You were on level 1 of the Dungeon.
You visited 1 branch of the dungeon, and saw 1 of its levels.

You collected 16 gold pieces.


Innate Abilities, Weirdness & Mutations

You have a beak for a mouth.
You have claws for feet.


   Skills:
 - Level 2.0 Fighting
 + Level 2.5 Axes
 - Level 1.0 Throwing
 - Level 1.1 Armour
 - Level 2.1 Dodging
 - Level 2.0 Spellcasting
 - Level 2.4 Translocations


You had 4 spell levels left.
You didn't know any spells.
Your spell library contained the following spells:

 Spells                   Type           Power      Damage    Failure   Level
 Blink                    Tloc           14%        N/A       19%         2
 Gell's Gravitas          Tloc           7%         N/A       36%         3
 Lesser Beckoning         Tloc           7%         N/A       36%         3
 Teleport Other           Tloc           7%         N/A       36%         3
 Manifold Assault         Tloc           7%         N/A       98%         5

Inventory:

Hand Weapons
 a - a +0 hand axe (weapon)
 e - a +0 whip
Missiles
 d - 3 boomerangs of dispersal (quivered)
Armour
 b - a +0 leather armour (worn)
Scrolls
 c - a scroll of blinking

Dungeon Overview and Level Annotations

Branches:
Dungeon (1/15)

Altars:


Message History

The jackal is moderately wounded.
The kobold throws a stone.
The stone misses you.
A jackal comes into view.
The jackal barely misses you.
The kobold throws a stone.
The stone hits you.
A jackal comes into view.
The jackal barks!
You hit the jackal.
The jackal is heavily wounded.
You miss the jackal. The jackal closely misses you. The jackal bites you.
The jackal closely misses you.
The kobold throws a stone.
The stone misses you.
You hit the jackal.
The jackal is severely wounded.
You hit the jackal but do no damage. You closely miss the giant cockroach.
The jackal bites you but does no damage.
The jackal bites you. The giant cockroach bites you. The jackal bites you. x2
You closely miss the jackal. Your peck misses the jackal.
The jackal is severely wounded.
You hit the jackal but do no damage.
You hit the giant cockroach but do no damage.
You barely miss the frilled lizard. The jackal closely misses you.
The giant cockroach misses you. The jackal barely misses you.
The frilled lizard bites you. The giant cockroach barely misses you.
You hit the jackal.
You kill the jackal!
You barely miss the frilled lizard. You hit the jackal.
You barely miss the giant cockroach. You hit the jackal.
You kill the jackal!
The frilled lizard bites you but does no damage.
A hobgoblin comes into view.
The giant cockroach bites you but does no damage.
You hit the jackal. Your kick misses the jackal.
The jackal is severely wounded.
You hit the frilled lizard.
You kill the frilled lizard!
You hit the giant cockroach but do no damage.
The jackal bites you. The giant cockroach closely misses you.
The jackal bites you.
You die...

#...################
#.................
#....|............
#..###.........## #
##.......##
#.......#
##.......##
###.........###g.
..........@h......
..........hBK.....
...................
.........<.........
......[.........(..
..................
.................
###...!.....###..
##.......##


You could see 2 jackals, a giant cockroach, a hobgoblin and a kobold.

Vanquished Creatures
  2 jackals (D:1)
  A frilled lizard (D:1)
3 creatures vanquished.

Notes
Turn   | Place    | Note
-------+----------+-------------------------------------------
     0 | D:1      | qw the Tengu Warper began the quest for the Orb.
     0 | D:1      | Reached XP level 1. HP: 12/12 MP: 4/4
     0 | D:1      | 0 ||| qw: Version: 0.1-a-89-g26bdef1
     0 | D:1      | 0 ||| qw: Game counter: 1300
     0 | D:1      | 0 ||| qw: Always use a shield: true
     0 | D:1      | 0 ||| qw: God list: Okawaru
     0 | D:1      | 0 ||| qw: Allow faded altars: false
     0 | D:1      | 0 ||| qw: Do Orc after D:15 true
     0 | D:1      | 0 ||| qw: Do second Lair branch before Depths: true
     0 | D:1      | 0 ||| qw: Lair rune preference: random
     0 | D:1      | 0 ||| qw: Plans: Normal
     0 | D:1      | 0 ||| PLANNING D:1-11
    28 | D:1      | HP: 3/12 [jackal (1)]
    31 | D:1      | HP: 1/12 [jackal (1)]
    31 | D:1      | Slain by a jackal

Levels and vault maps discovered:
D:1:      minmay_arrival_four_circles, layout_basic, serial_shops, shop,
          solitary_fountain

Action                   || total
-------------------------++-------
Melee: Hand axe          ||     6
Throw: Boomerang         ||     4
Armor: Leather armour    ||     3
Dodge: Dodged            ||    12

Table legend:
 A = Non-vault XP
 B = Vault XP
 C = Vault XP percentage of total XP
 D = Non-vault monster count
 E = Vault monster count
 F = Vault count percentage of total count
                 A         B        C        D         E       F
            +---------+---------+-------+---------+---------+-------
      Total |       5 |       0 |   0.0 |       3 |       0 |   0.0
            +---------+---------+-------+---------+---------+-------
        D:1 |       5 |       0 |   0.0 |       3 |       0 |   0.0
            +---------+---------+-------+---------+---------+-------
